[Event "Titled Tuesday Blitz February 15 Early 2022"]
[White "Ruperez Benito, Antonio"]
[Black "Fernandez Siles, Luis"]
[WhiteFideId "22245049"]
[BlackFideId "2209420"]
[WhiteElo "2249"]
[BlackElo "2212"]
[Result "1-0"]
[Round "02"]
[TimeControl "180+1"]
[Date "2022.02.15"]
[WhiteClock "0:01:15"]
[BlackClock "0:01:00"]

1. d4 Nf6 2. c4 g6 3. Nc3 Bg7 4. e4 d6 5. Be2 O-O 6. Be3 c6 7. Qd2 a6 8. h3 b5 9. a3 Bb7 10. Nf3 bxc4 11. Bxc4 d5 12. exd5 cxd5 13. Bd3 Ne4 14. Qe2 Nd7 15. O-O Qb6 16. Rab1 a5 17. Na4 Qa7 18. Rfc1 Rfc8 19. Bb5 Ba6 20. Bxa6 Rxc1+ 21. Rxc1 Qxa6 22. Qxa6 Rxa6 23. Rc8+ Nf8 24. b3 f6 25. Nc5 Rb6 26. Nd7 Rxb3 27. Nxf8 Bxf8 28. Bh6 Kf7 29. Rxf8+ Ke6 30. a4 Rb4 31. Rh8 Rxa4 32. Rxh7 Ra1+ 33. Kh2 Nxf2 34. Bf8 Kf5 35. Rxe7 Ra2 36. Bh6 a4 37. Nh4# 1-0


[Site "https://www.chess.com"]

[Event "Titled Tuesday Blitz February 15 Early 2022"]
[White "Sadhwani, Raunak"]
[Black "Maltsevskaya, Aleksandra"]
[WhiteFideId "35093487"]
[BlackFideId "24174041"]
[WhiteElo "2616"]
[BlackElo "2283"]
[Result "1-0"]
[Round "02"]
[TimeControl "180+1"]
[Date "2022.02.15"]
[WhiteClock "0:02:32"]
[BlackClock "0:01:31"]

1. d4 Nf6 2. Nf3 g6 3. Bf4 Bg7 4. Nc3 d6 5. e4 O-O 6. Qd2 Nbd7 7. Bh6 c5 8. O-O-O cxd4 9. Nxd4 Nc5 10. f3 a6 11. h4 b5 12. h5 b4 13. Nd5 Nxd5 14. exd5 e5 15. hxg6 hxg6 16. Bxg7 Kxg7 17. Qh6+ Kf6 18. Nc6 Qe8 19. g4 1-0


[Site "https://www.chess.com"]

[Event "Titled Tuesday Blitz February 15 Early 2022"]
[White "Safarli, Eltaj"]
[Black "Milanovic, Marko"]
[WhiteFideId "13402129"]
[BlackFideId "980129"]
[WhiteElo "2634"]
[BlackElo "1976"]
[Result "1-0"]
[Round "02"]
[TimeControl "180+1"]
[Date "2022.02.15"]
[WhiteClock "0:00:19"]
[BlackClock "0:00:05"]

1. e4 e5 2. Nc3 Nf6 3. d4 exd4 4. Qxd4 Nc6 5. Qd3 Bc5 6. Bf4 O-O 7. O-O-O Bxf2 8. e5 Nh5 9. Bd2 Bb6 10. g4 Nxe5 11. Qe4 Nf6 12. Qxe5 Nxg4 13. Qg3 Nf2 14. Bg2 Nxd1 15. Kxd1 d6 16. Nge2 Bf5 17. h4 Re8 18. Bxb7 Rb8 19. Bc6 Re5 20. Bf4 Rc5 21. Bd5 Ba5 22. Bb3 Qe7 23. Nd4 Re8 24. Nxf5 Rxf5 25. Bd2 Bb6 26. Re1 Re5 27. Rf1 Rf8 28. Bh6 g6 29. Bxf8 Qxf8 30. Rxf7 Qxf7 31. Bxf7+ Kxf7 32. Qf3+ Kg7 33. Nd5 Bd4 34. c3 Bb6 35. Qf6+ Kh6 36. Qf8+ Kh5 37. Nf6+ Kxh4 38. Nxh7 g5 39. Qh6+ Kg4 40. Nf6+ Kf4 41. Nd7 Rd5+ 42. Kc2 Be3 43. Qf6+ Kg4 44. Qe6+ 1-0


[Site "https://www.chess.com"]

[Event "Titled Tuesday Blitz February 15 Early 2022"]
[White "Samarth, J Rao"]
[Black "Miszler, Levente"]
[WhiteFideId "46652370"]
[BlackFideId "763276"]
[WhiteElo "1514"]
[BlackElo "1966"]
[Result "1-0"]
[Round "02"]
[TimeControl "180+1"]
[Date "2022.02.15"]
[WhiteClock "0:01:49"]
[BlackClock "0:01:33"]

1. c4 c5 2. e3 Nc6 3. d4 cxd4 4. exd4 d5 5. cxd5 Qxd5 6. Nf3 Bg4 7. Be2 e6 8. Nc3 Bb4 9. O-O Qd7 10. a3 Ba5 11. Ne4 Bxf3 12. Bxf3 Nxd4 13. Bf4 Ne7 14. Nd6+ Kf8 15. Qxd4 Bb6 16. Qc3 Ng6 17. Bg3 Rd8 18. Rfd1 e5 19. Nxb7 Qxb7 20. Bxb7 1-0


[Site "https://www.chess.com"]

[Event "Titled Tuesday Blitz February 15 Early 2022"]
[White "Sanal, Vahap"]
[Black "Sargsyan, Anna M."]
[WhiteFideId "6300545"]
[BlackFideId "13308130"]
[WhiteElo "2603"]
[BlackElo "2271"]
[Result "1-0"]
[Round "02"]
[TimeControl "180+1"]
[Date "2022.02.15"]
[WhiteClock "0:00:31"]
[BlackClock "0:00:30"]

1. e4 c6 2. Nf3 d5 3. d3 g6 4. Qe2 Bg7 5. g3 Bg4 6. Bg2 Nd7 7. O-O e6 8. h3 Bxf3 9. Bxf3 Ne7 10. Bg2 O-O 11. c3 f5 12. Re1 fxe4 13. dxe4 Kh8 14. exd5 Nxd5 15. Nd2 e5 16. Ne4 Qb6 17. Bg5 Rae8 18. Rad1 Nc5 19. Nd6 Re6 20. Nc4 Qa6 21. Bxd5 cxd5 22. Rxd5 b6 23. Nxe5 Qxa2 24. Rxc5 Rfe8 25. Qc4 Qxc4 26. Rxc4 Bxe5 27. Rce4 Kg7 28. Bf4 Kf6 29. Bxe5+ Rxe5 30. Rxe5 Rxe5 31. Rxe5 Kxe5 32. Kf1 a5 33. Ke2 g5 34. Ke3 b5 35. f4+ gxf4+ 36. gxf4+ Kf5 37. Kf3 h6 38. Ke3 h5 39. Kf3 1-0


[Site "https://www.chess.com"]

[Event "Titled Tuesday Blitz February 15 Early 2022"]
[White "Sankalp Gupta"]
[Black "Musovic, Armin"]
[WhiteFideId "5097010"]
[BlackFideId "939935"]
[WhiteElo "2395"]
[BlackElo "2250"]
[Result "1-0"]
[Round "02"]
[TimeControl "180+1"]
[Date "2022.02.15"]
[WhiteClock "0:00:07"]
[BlackClock "0:00:12"]

1. b3 Nf6 2. Bb2 d5 3. e3 Bg4 4. Be2 Bxe2 5. Qxe2 a6 6. d3 g6 7. e4 Bg7 8. Nd2 Nc6 9. O-O-O O-O 10. e5 Nd7 11. f4 a5 12. h4 a4 13. h5 Nc5 14. Qg4 Qc8 15. Qh4 h6 16. g4 Nb4 17. Kb1 Nxa2 18. Kxa2 axb3+ 19. Kb1 bxc2+ 20. Kxc2 Qd7 21. Rh3 Qa4+ 22. Kc1 Qb5 23. Nb1 Ra2 24. Qf2 Nb3+ 25. Kc2 c5 26. Nf3 Rc8 27. Nc3 Nd4+ 28. Kc1 Qb3 29. Nxa2 Qxa2 30. Rd2 Nb3+ 31. Kd1 Nxd2 32. Qxd2 c4 33. d4 c3 34. Bxc3 Qb3+ 35. Qc2 Rxc3 36. Qxb3 Rxb3 37. hxg6 fxg6 38. Ke2 b5 39. Rh1 Rb2+ 40. Ke3 Rb3+ 41. Kf2 b4 42. Ra1 Ra3 43. Rb1 b3 44. Nd2 Ra2 45. Ke2 b2 46. Kd3 h5 47. g5 e6 48. Kc2 Bf8 49. Rxb2 Rxb2+ 50. Kxb2 h4 51. Nf3 h3 52. Kc2 Bb4 53. Kd3 Be1 54. Ke2 Bg3 55. Kf1 Bxf4 56. Kg1 Kf7 57. Kh1 Ke7 58. Kg1 Kd7 59. Kh1 Kc6 60. Nh4 Bxg5 61. Nxg6 Kb5 62. Nf8 Kc4 63. Nxe6 Be7 64. Kh2 Kd3 65. Kxh3 Ke4 66. Kg4 Ba3 67. Kg5 Be7+ 68. Kg6 Bh4 69. Kf7 Kd3 70. Ke8 Kc4 71. Kd7 Bf2 72. Kd6 Bxd4 73. Nxd4 Kxd4 74. e6 Kc4 75. e7 d4 76. e8=Q d3 77. Qe1 1-0


[Site "https://www.chess.com"]

[Event "Titled Tuesday Blitz February 15 Early 2022"]
[White "Sarana, Alexey"]
[Black "Gan-Erdene, Sugar"]
[WhiteFideId "24133795"]
[BlackFideId "4902980"]
[WhiteElo "2665"]
[BlackElo "2256"]
[Result "1-0"]
[Round "02"]
[TimeControl "180+1"]
[Date "2022.02.15"]
[WhiteClock "0:00:35"]
[BlackClock "0:00:09"]

1. d4 Nf6 2. c4 g6 3. Nc3 Bg7 4. e4 d6 5. Be2 O-O 6. Be3 Na6 7. h3 e5 8. d5 Nc5 9. Qc2 a5 10. g4 c6 11. Nf3 cxd5 12. cxd5 Re8 13. Nd2 b6 14. a3 Re7 15. g5 Nh5 16. Bxh5 gxh5 17. Bxc5 bxc5 18. a4 Ba6 19. Nb5 Rb7 20. Nc4 Bxb5 21. axb5 Rxb5 22. h4 Rb4 23. Qe2 a4 24. Rh3 Qd7 25. Rc3 Bf8 26. Qxh5 Rab8 27. Qf3 Be7 28. Rac1 Kg7 29. Qh5 Kg8 30. Kf1 Rb3 31. Qf3 Rxc3 32. Rxc3 Rb4 33. Kg2 Qb5 34. Qd3 Kg7 35. Qe2 Rb3 36. Qc2 Qb4 37. Rxb3 axb3 38. Qd3 Qb5 39. Qc3 f6 40. Ne3 Bf8 41. Nf5+ Kf7 42. Qf3 Qb7 43. Qh5+ Kg8 44. gxf6 Qf7 45. Qg5+ Kh8 46. Ne3 h6 47. Qf5 Qg8+ 48. Kf1 Qf7 49. Nc4 Qb7 50. Kg2 Qf7 51. h5 Qg8+ 52. Qg6 1-0


[Site "https://www.chess.com"]

[Event "Titled Tuesday Blitz February 15 Early 2022"]
[White "Sargissyan, Sargis"]
[Black "Arabidze, Meri"]
[WhiteFideId "13303210"]
[BlackFideId "13604040"]
[WhiteElo "2174"]
[BlackElo "2329"]
[Result "0-1"]
[Round "02"]
[TimeControl "180+1"]
[Date "2022.02.15"]
[WhiteClock "0:00:04"]
[BlackClock "0:00:46"]

1. e4 c5 2. Nc3 e6 3. Nf3 a6 4. d4 cxd4 5. Nxd4 Nc6 6. Nxc6 bxc6 7. Bd3 d5 8. O-O Nf6 9. Qf3 Be7 10. Qg3 O-O 11. Bh6 Ne8 12. Bf4 Bh4 13. Qf3 Bg5 14. e5 Bxf4 15. Qxf4 f5 16. exf6 Qxf6 17. Qxf6 gxf6 18. f4 Nd6 19. Na4 a5 20. Nc5 Nb7 21. Nxb7 Bxb7 22. Rae1 Rae8 23. Rf3 Rf7 24. Rg3+ Rg7 25. Rge3 Kf7 26. Bf5 Bc8 27. Bh3 Bd7 28. Ra3 Ra8 29. Rae3 f5 30. a4 Ra7 31. Rc3 Rg8 32. g3 Rb8 33. b3 Rc8 34. Rc5 Ke7 35. Bf1 Kd6 36. Rc3 c5 37. Rce3 Re8 38. Kf2 Bc8 39. Rc3 h5 40. Rce3 h4 41. gxh4 Rh7 42. Rh3 e5 43. fxe5+ Rxe5 44. Rxe5 Kxe5 45. h5 f4 46. Rh4 Rh6 47. Kf3 Bf5 48. Rxf4 Bxc2 49. Rh4 Bxb3 50. Kg4 Kf6 51. Bd3 Bd1+ 52. Kf4 Rxh5 53. Rxh5 Bxh5 54. Bb5 Bg6 55. h4 c4 56. h5 Bxh5 57. Bc6 Bf7 58. Ke3 Ke5 59. Bb5 d4+ 60. Kd2 Kd5 61. Kc2 Kc5 62. Ba6 Bg6+ 63. Kd2 c3+ 64. Kd1 d3 65. Kc1 Kd4 66. Kd1 Bh5+ 67. Kc1 d2+ 0-1


[Site "https://www.chess.com"]

[Event "Titled Tuesday Blitz February 15 Early 2022"]
[White "Seemann, Jakub"]
[Black "Kezin, Roman"]
[WhiteFideId "21874697"]
[BlackFideId "24124621"]
[WhiteElo "2003"]
[BlackElo "2509"]
[Result "0-1"]
[Round "02"]
[TimeControl "180+1"]
[Date "2022.02.15"]
[WhiteClock "0:00:03"]
[BlackClock "0:00:15"]

1. d4 d5 2. Nf3 Nf6 3. e3 c5 4. g3 Nc6 5. Bg2 Bg4 6. O-O e6 7. c3 Rc8 8. Nbd2 Bd6 9. h3 Bh5 10. Qe2 O-O 11. g4 Bg6 12. Nh4 Bc2 13. dxc5 Bxc5 14. Nb3 Bxb3 15. axb3 a5 16. Nf3 Bd6 17. Rd1 Ne4 18. c4 Nb4 19. cxd5 exd5 20. Nd4 Bb8 21. Bd2 Qc7 22. Bxb4 axb4 23. Nf5 g6 24. Nd4 Rfd8 25. Qf3 Qh2+ 26. Kf1 Rd6 27. Qf4 Qxf4 28. exf4 Rf6 29. f5 Be5 30. f3 Ng3+ 31. Kf2 gxf5 32. g5 Rg6 33. h4 f4 34. Bh3 Bxd4+ 35. Rxd4 Rc2+ 36. Ke1 Rh2 37. Ra8+ Kg7 38. Bg4 Rc6 39. h5 Rc1+ 40. Rd1 Re2# 0-1


[Site "https://www.chess.com"]

[Event "Titled Tuesday Blitz February 15 Early 2022"]
[White "Seo, Jung Min"]
[Black "Ankerst, Mihael"]
[WhiteFideId "1734687"]
[BlackFideId "14602369"]
[WhiteElo "2401"]
[BlackElo "2268"]
[Result "1-0"]
[Round "02"]
[TimeControl "180+1"]
[Date "2022.02.15"]
[WhiteClock "0:00:33"]
[BlackClock "0:00:16"]

1. e4 c5 2. Nf3 Qb6 3. Nc3 Nc6 4. g3 e6 5. Bg2 a6 6. O-O d6 7. Re1 Be7 8. Ne2 Nf6 9. d3 O-O 10. c3 Rd8 11. Qc2 Qa5 12. Nf4 Qb6 13. Be3 Qc7 14. Rad1 b5 15. d4 Bb7 16. d5 exd5 17. Nxd5 Nxd5 18. exd5 Nb8 19. Ng5 g6 20. h4 Re8 21. h5 Qd8 22. hxg6 hxg6 23. Ne6 Qc8 24. Bf4 Nd7 25. Ng5 Qd8 26. Ne4 Nf6 27. Nxf6+ Bxf6 28. Rxe8+ Qxe8 29. Bxd6 c4 30. Bf4 Rd8 31. Qd2 Rd7 32. Bf3 Qd8 33. Kg2 Kg7 34. Kg1 Kg8 35. Bh6 Kh7 36. Be3 Kg7 37. Kg2 Kg8 38. Kg1 Kg7 39. Bd4 Kg8 40. Bxf6 Qxf6 41. Qe3 Kg7 42. Rd4 Qf5 43. Rf4 Qb1+ 44. Kg2 Rxd5 45. Qe7 1-0


[Site "https://www.chess.com"]

[Event "Titled Tuesday Blitz February 15 Early 2022"]
[White "Sharapov, Evgeny"]
[Black "Martirosyan, Haik M."]
[WhiteFideId "14103133"]
[BlackFideId "13306553"]
[WhiteElo "2367"]
[BlackElo "2735"]
[Result "0-1"]
[Round "02"]
[TimeControl "180+1"]
[Date "2022.02.15"]
[WhiteClock "0:00:08"]
[BlackClock "0:00:46"]

1. e4 e6 2. d4 d5 3. exd5 exd5 4. Nf3 Bd6 5. Bd3 Ne7 6. O-O Nbc6 7. c3 Bg4 8. h3 Bh5 9. Re1 Qd7 10. Nbd2 O-O-O 11. Qc2 Bg6 12. Ne5 Bxe5 13. dxe5 Bxd3 14. Qxd3 Ng6 15. Nf3 Rde8 16. Rd1 Ngxe5 17. Nxe5 Rxe5 18. Bf4 Re4 19. Bg3 Rhe8 20. Kh2 d4 21. b4 Qd5 22. c4 Qe6 23. b5 Ne7 24. c5 Nf5 25. Qa3 a6 26. c6 Nxg3 27. cxb7+ Kxb7 28. bxa6+ Ka8 29. fxg3 Re2 30. Qf3+ Qe4 31. Qxe4+ R2xe4 32. Rac1 R8e7 33. Rc6 R4e6 34. Rxe6 fxe6 35. Rxd4 Ka7 36. Ra4 Rd7 37. Rc4 Kb6 38. Re4 Re7 39. Ra4 c5 40. g4 Ra7 41. Re4 Re7 42. Ra4 Rc7 43. Kg1 c4 44. Kf1 c3 45. Rb4+ Kxa6 46. Rb1 e5 47. Ke2 e4 48. Ke3 Rc4 49. g5 g6 50. h4 Ka5 51. g4 Ka4 52. h5 Ka3 0-1


[Site "https://www.chess.com"]

[Event "Titled Tuesday Blitz February 15 Early 2022"]
[White "Shevtchenko, Olesya"]
[Black "Hamitevici, Vladimir"]
[WhiteFideId "24131890"]
[BlackFideId "13902393"]
[WhiteElo "2003"]
[BlackElo "2359"]
[Result "1-0"]
[Round "02"]
[TimeControl "180+1"]
[Date "2022.02.15"]
[WhiteClock "0:00:19"]
[BlackClock "0:00:03"]

1. e4 c6 2. d4 d5 3. exd5 cxd5 4. c4 Nf6 5. Nc3 g6 6. Qb3 Bg7 7. cxd5 O-O 8. g3 Na6 9. Bg2 b5 10. Nge2 b4 11. Na4 Bb7 12. O-O Bxd5 13. Bxd5 Qxd5 14. Be3 Qf3 15. Nf4 g5 16. Ng2 h6 17. Rac1 Qf5 18. Nc5 Nc7 19. Qxb4 Qh3 20. f3 Ncd5 21. Qd2 Nxe3 22. Qxe3 Rad8 23. Rfd1 Nd5 24. Qe4 f5 25. Qe6+ Kh8 26. Nd7 Nb4 27. Nxf8 Rxf8 28. Rc8 Qh5 29. Qxf5 Rxc8 30. Qxc8+ Kh7 31. Qf5+ Kh8 32. Rc1 Bxd4+ 33. Kf1 Bf6 34. Rc8+ Kg7 35. Qg4 Qf7 36. Qxb4 Qxa2 37. Qc4 Qa1+ 38. Ne1 Bxb2 39. Rg8+ Kf6 40. Qc6+ e6 41. Qe8 Bc3 42. Rg6+ Kf5 43. Qxe6# 1-0


[Site "https://www.chess.com"]

[Event "Titled Tuesday Blitz February 15 Early 2022"]
[White "Shton, Roman"]
[Black "Gubajdullin, Alexei"]
[WhiteFideId "14137461"]
[BlackFideId "4141202"]
[WhiteElo "2038"]
[BlackElo "2268"]
[Result "0-1"]
[Round "02"]
[TimeControl "180+1"]
[Date "2022.02.15"]
[WhiteClock "0:00:13"]
[BlackClock "0:01:10"]

1. d4 g6 2. Nf3 Bg7 3. e4 d6 4. Bc4 Nf6 5. Qe2 O-O 6. e5 dxe5 7. dxe5 Nd5 8. O-O Bg4 9. Rd1 c6 10. h3 Bxf3 11. Qxf3 Bxe5 12. Bxd5 cxd5 13. Rxd5 Qc7 14. c3 Nc6 15. Bh6 Rfd8 16. Rxd8+ Rxd8 17. Na3 a6 18. Nc4 Bf6 19. Be3 Ne5 20. Nxe5 Bxe5 21. Rd1 Bh2+ 22. Kh1 Rxd1+ 23. Qxd1 Be5 24. Qd5 e6 25. Qd3 b5 26. Bh6 Qd6 27. Qxd6 Bxd6 28. g3 f6 29. Be3 Kf7 30. Kg2 e5 31. g4 Ke6 32. Kf3 Kd5 33. Ke2 f5 34. f3 e4 35. f4 h5 36. g5 a5 37. a3 Kc4 38. Kd2 Kb3 39. Kc1 b4 40. axb4 axb4 41. cxb4 Bxb4 42. Kb1 Bf8 43. Bd2 Bg7 44. Bc1 Bd4 45. Bd2 e3 46. Be1 Bxb2 47. h4 Ba3 48. Ba5 e2 49. Be1 Bb4 50. Bg3 0-1


[Site "https://www.chess.com"]

[Event "Titled Tuesday Blitz February 15 Early 2022"]
[White "Sinitsina, Anastassia"]
[Black "Kopylov, Alexander A."]
[WhiteFideId "4504640"]
[BlackFideId "4164857"]
[WhiteElo "2144"]
[BlackElo "2436"]
[Result "0-1"]
[Round "02"]
[TimeControl "180+1"]
[Date "2022.02.15"]
[WhiteClock "0:01:08"]
[BlackClock "0:01:25"]

1. Nf3 Nf6 2. g3 g6 3. Bg2 Bg7 4. O-O O-O 5. d4 d5 6. c4 c6 7. cxd5 Nxd5 8. e4 Nb6 9. Nc3 Bg4 10. Be3 Nc4 11. Qe2 Nxe3 12. fxe3 e5 13. d5 c5 14. h3 Bxf3 15. Bxf3 Na6 16. Rad1 Nc7 17. Qc4 Qd6 18. Nb5 Nxb5 19. Qxb5 Rab8 20. Kg2 a6 21. Qa5 b5 22. Qc3 c4 23. Bg4 h5 24. Be2 Rfc8 25. a3 b4 26. axb4 Rxb4 27. Ra1 Rb3 28. Qd2 Bh6 29. Rf3 Qb6 30. Ra2 Bxe3 31. Qc2 Bg1 32. Bxc4 Rxf3 33. Kxf3 Qe3+ 34. Kg2 Rxc4 0-1


[Site "https://www.chess.com"]

[Event "Titled Tuesday Blitz February 15 Early 2022"]
[White "Sliwicki, Damian"]
[Black "Harish, Neeraj"]
[WhiteFideId "1127128"]
[BlackFideId "30958130"]
[WhiteElo "2084"]
[BlackElo "1545"]
[Result "1/2-1/2"]
[Round "02"]
[TimeControl "180+1"]
[Date "2022.02.15"]
[WhiteClock "0:00:18"]
[BlackClock "0:00:34"]

1. e4 c5 2. Nf3 d6 3. d4 cxd4 4. Qxd4 Nf6 5. Bg5 Nc6 6. Bb5 Bd7 7. Bxc6 Bxc6 8. Nc3 e5 9. Qd3 Be7 10. Rd1 Qa5 11. O-O Rd8 12. Nh4 g6 13. Qf3 Nh5 14. Bxe7 Kxe7 15. Nf5+ gxf5 16. Qxh5 fxe4 17. Qf5 Rhg8 18. g3 Rg6 19. Nxe4 Bxe4 20. Qxe4 Kf8 21. Qxb7 d5 22. Rfe1 Re6 23. b4 Qb6 24. Qxb6 axb6 25. Rd2 d4 26. Red1 Red6 27. f3 f6 28. Kf2 Kf7 29. c3 Ke6 30. cxd4 Rxd4 31. Rxd4 exd4 32. Ke2 Kd5 33. Kd3 Rc8 34. f4 Rc3+ 35. Kd2 Kc4 36. Rb1 Rd3+ 37. Ke2 Rc3 38. a4 d3+ 39. Ke3 Rc2 40. a5 d2 41. axb6 Rc1 42. Kxd2 Rxb1 43. b7 Rxb4 44. Ke3 Rxb7 45. Ke4 Rb2 46. h4 Rg2 47. Kf5 Rxg3 48. Kxf6 Kd4 49. f5 Kd5 50. h5 h6 51. Kf7 Rg5 52. f6 Ke5 53. Ke7 Rf5 54. f7 Rxf7+ 55. Kxf7 Kf5 56. Ke7 Kg5 57. Ke6 Kxh5 58. Kf5 Kh4 59. Kf4 h5 60. Kf3 Kh3 61. Kf2 h4 62. Kg1 Kg3 63. Kh1 h3 64. Kg1 Kh4 65. Kh1 Kg4 66. Kg1 Kg3 67. Kh1 Kh4 68. Kg1 Kg4 69. Kh1 Kg3 70. Kg1 Kh4 71. Kh1 Kg4 72. Kg1 Kg3 73. Kh1 Kh4 74. Kg1 Kg4 75. Kh1 Kg3 1/2-1/2


[Site "https://www.chess.com"]

[Event "Titled Tuesday Blitz February 15 Early 2022"]
[White "Soderstrom, Adrian"]
[Black "Samaganova, Aleksandra"]
[WhiteFideId "1745786"]
[BlackFideId "13800221"]
[WhiteElo "2107"]
[BlackElo "1859"]
[Result "1/2-1/2"]
[Round "02"]
[TimeControl "180+1"]
[Date "2022.02.15"]
[WhiteClock "0:00:07"]
[BlackClock "0:00:05"]

1. e4 c5 2. d4 cxd4 3. c3 Nf6 4. e5 Nd5 5. Nf3 e6 6. cxd4 d6 7. Bc4 Nc6 8. O-O Be7 9. exd6 Qxd6 10. Nc3 O-O 11. Re1 Nf6 12. Bg5 a6 13. d5 Nxd5 14. Nxd5 exd5 15. Bxd5 Rd8 16. Bb3 Qxd1 17. Raxd1 Rxd1 18. Bxd1 f6 19. Bb3+ Kf8 20. Bf4 Bf5 21. Bd5 Rd8 22. Bxc6 bxc6 23. Be3 g5 24. Rc1 Be4 25. Nd4 Rd6 26. f3 Bd5 27. Nf5 Re6 28. Kf2 Kf7 29. b3 Bf8 30. Bc5 Bxc5+ 31. Rxc5 Kg6 32. Ne3 Rd6 33. Nc2 f5 34. Nb4 a5 35. Nd3 a4 36. bxa4 Bxa2 37. Rxc6 Rxc6 38. Ne5+ Kf6 39. Nxc6 Bb3 40. a5 Bc4 41. Ke3 Ke6 42. Nd4+ Ke5 43. Nc6+ Kd6 44. Nb4 f4+ 45. Ke4 Bf1 46. g3 fxg3 47. hxg3 Bg2 48. Ke3 g4 49. fxg4 Ke5 50. Nd3+ Kf6 51. Nf4 Ba8 52. Kd4 Kg5 53. Ne6+ Kxg4 54. Nc7 Bg2 55. Ne8 Kxg3 56. Nf6 h6 57. Ke5 Ba8 58. Kf5 Kh4 59. Kg6 h5 60. Nxh5 Be4+ 61. Kh6 Bf3 62. Nf6 Ba8 63. Kg6 Kg3 64. Kf5 Kf3 65. Ke5 Ke3 66. Nd5+ Kd3 67. Nb6 Bh1 68. Kd6 Kd4 69. a6 Bg2 70. Nd7 Kc4 71. Kc7 Kb5 72. a7 Ka6 73. Kb8 Bf3 74. Ne5 Be4 75. Nc4 Bg2 76. Nd6 Bf3 77. Ne8 Bg2 78. Nc7+ Kb6 79. Ne6 Bf3 80. Nd4 Bg2 81. Nf5 Ka6 82. Nd6 Bf3 83. Nc8 Bg2 84. Ne7 Bf3 85. Nf5 Bg2 86. Nd4 Be4 87. Nb3 Bh1 88. Nc5+ Kb6 89. Na4+ Ka6 90. Nb2 Kb6 91. Nc4+ Ka6 92. Nd6 Kb6 93. Nc8+ Ka6 94. Kc7 Bg2 95. Kb8 Bh1 96. Ne7 Bg2 97. Nf5 Bh1 98. Ne3 Bf3 99. Nc4 Bh1 100. Nd6 Bg2 101. Ne8 Bh1 102. Nc7+ Kb6 103. Ne6 Ka6 104. Nd4 Kb6 105. Nb3 Ka6 106. Nc5+ Kb6 107. Na4+ Ka6 108. a8=Q+ Bxa8 1/2-1/2


[Site "https://www.chess.com"]

[Event "Titled Tuesday Blitz February 15 Early 2022"]
[White "Sokolovsky, Yahli"]
[Black "Sarkar, Justin"]
[WhiteFideId "2820242"]
[BlackFideId "2010011"]
[WhiteElo "1770"]
[BlackElo "2038"]
[Result "1-0"]
[Round "02"]
[TimeControl "180+1"]
[Date "2022.02.15"]
[WhiteClock "0:00:26"]
[BlackClock "0:00:01"]

1. b3 b5 2. Bb2 Bb7 3. e3 a6 4. Nf3 Nf6 5. d4 e6 6. Bd3 c5 7. O-O d5 8. Ne5 c4 9. Be2 Nbd7 10. f4 Ne4 11. Nc3 Ndf6 12. a4 Nxc3 13. Bxc3 Ne4 14. Be1 Bd6 15. Bf3 O-O 16. Bxe4 dxe4 17. bxc4 f6 18. Ng4 bxc4 19. Rb1 Bd5 20. Bb4 Bxb4 21. Rxb4 c3 22. Qa1 Qc7 23. a5 h5 24. Nf2 e5 25. g3 exf4 26. gxf4 g5 27. Nd1 Rac8 28. Rb6 Kh8 29. Qa3 Rg8 30. Kh1 gxf4 31. Qd6 Qxd6 32. Rxd6 f3 33. Rxd5 Rg2 34. Rxh5+ Kg7 35. Nf2 1-0


[Site "https://www.chess.com"]

[Event "Titled Tuesday Blitz February 15 Early 2022"]
[White "Steenbekkers, Franck"]
[Black "Hajiyeva, Laman"]
[WhiteFideId "1004220"]
[BlackFideId "13415875"]
[WhiteElo "2127"]
[BlackElo "1728"]
[Result "1/2-1/2"]
[Round "02"]
[TimeControl "180+1"]
[Date "2022.02.15"]
[WhiteClock "0:00:06"]
[BlackClock "0:00:09"]

1. e4 e5 2. Nf3 Nc6 3. Bb5 a6 4. Ba4 Nf6 5. O-O b5 6. Bb3 Be7 7. c3 O-O 8. Re1 d5 9. exd5 Nxd5 10. Nxe5 Nxe5 11. Rxe5 c6 12. d4 Bd6 13. Re1 Qh4 14. g3 Qh3 15. Re4 g5 16. Qf3 Bf5 17. Bxd5 cxd5 18. Re3 Rad8 19. Qxd5 Rfe8 20. Qg2 Qh5 21. Nd2 Bh3 22. Qf3 Bg4 23. Qf6 Bf8 24. Ne4 Bh3 25. Bd2 Rxe4 26. Rxe4 Rd5 27. Re8 Rf5 28. Rxf8+ Kxf8 29. Qh8+ Ke7 30. Re1+ Kd6 31. Qd8+ Kc6 32. Qc8+ Kd6 33. Qxa6+ Kd7 34. Qb7+ Kd6 35. Qb6+ Kd7 36. Qb7+ Kd6 37. Qb6+ Kd7 38. Qb7+ 1/2-1/2


[Site "https://www.chess.com"]

[Event "Titled Tuesday Blitz February 15 Early 2022"]
[White "Stefanov, Plamen"]
[Black "Kirillov, Dmitry"]
[WhiteFideId "2900980"]
[BlackFideId "34180572"]
[WhiteElo "2137"]
[BlackElo "2076"]
[Result "0-1"]
[Round "02"]
[TimeControl "180+1"]
[Date "2022.02.15"]
[WhiteClock "0:00:06"]
[BlackClock "0:00:07"]

1. e4 c5 2. Nf3 e6 3. c3 d5 4. exd5 Qxd5 5. d4 Nf6 6. Be2 Be7 7. O-O cxd4 8. cxd4 O-O 9. Nc3 Qd6 10. g3 Nc6 11. Bf4 Qd8 12. h4 b6 13. Be5 Bb7 14. Ng5 h6 15. Nh3 Bd6 16. Bf3 Rb8 17. Qe2 Nb4 18. Bxb7 Rxb7 19. Rfd1 Nbd5 20. Qa6 Rd7 21. Bxd6 Rxd6 22. Qxa7 Nxc3 23. bxc3 Qc8 24. Qa3 Rc6 25. Rdc1 Nd5 26. c4 Rxc4 27. Qb2 Qc6 28. Rxc4 Qxc4 29. Rc1 Qd3 30. Kg2 Ra8 31. Ng1 Qe4+ 32. f3 Qd3 33. Nh3 Ne3+ 34. Kh2 Nf5 35. Kg2 Nxd4 36. Nf2 Qxf3+ 37. Kh2 Ne2 38. Qb3 Qxb3 39. axb3 Nxc1 40. Ne4 Nxb3 41. Nd6 Nc5 42. Nb7 Rb8 43. Nxc5 bxc5 0-1


[Site "https://www.chess.com"]

[Event "Titled Tuesday Blitz February 15 Early 2022"]
[White "Subelj, Jan"]
[Black "Lodici, Lorenzo"]
[WhiteFideId "14618583"]
[BlackFideId "884189"]
[WhiteElo "2248"]
[BlackElo "2265"]
[Result "0-1"]
[Round "02"]
[TimeControl "180+1"]
[Date "2022.02.15"]
[WhiteClock "0:00:02"]
[BlackClock "0:00:11"]

1. d4 Nf6 2. Bf4 b6 3. Nf3 Bb7 4. e3 Nh5 5. Bg5 h6 6. Bh4 g5 7. Nfd2 Nf6 8. Bg3 d6 9. c4 Nbd7 10. Nc3 e6 11. e4 Bg7 12. h4 Qe7 13. Be2 O-O-O 14. a4 a5 15. O-O Nb8 16. d5 Na6 17. Nb3 Nd7 18. Nd4 gxh4 19. Bh2 Nb4 20. Ncb5 Nc5 21. Ra3 Kb8 22. Re3 Rhg8 23. Kh1 Be5 24. f4 Bh8 25. Qd2 Rde8 26. Bg1 Rg3 27. Bf3 h3 28. Bf2 hxg2+ 29. Bxg2 Rxe3 30. Qxe3 exd5 31. Nf5 Qf6 32. cxd5 Nxd5 33. Qh3 Nxf4 34. Qf3 Nxg2 35. Bd4 Bxe4 36. Bxf6 Bxf3 37. Rxf3 Bxf6 38. Kxg2 Bxb2 39. Nxh6 f6 40. Ng4 Re4 41. Nxf6 Bxf6 42. Rxf6 Rxa4 43. Rf8+ Kb7 44. Rf7 Na6 45. Nxd6+ Kc6 46. Ne8 Re4 47. Nf6 Re6 48. Nh5 a4 49. Rf3 b5 50. Nf4 Rd6 51. Nd3 b4 52. Ne5+ Kb5 53. Rf5 c5 54. Nf7 Rd2+ 55. Kf3 a3 56. Ke3 a2 57. Rf1 Rb2 58. Ra1 b3 59. Nd6+ Kb4 60. Rh1 c4 61. Rh4 Rc2 62. Rh1 Nc5 63. Nf5 b2 64. Nd4 Rc1 65. Rh8 c3 66. Ne2 Re1 0-1


[Site "https://www.chess.com"]

[Event "Titled Tuesday Blitz February 15 Early 2022"]
[White "Sychev, Klementy"]
[Black "Bures, Vit"]
[WhiteFideId "4114060"]
[BlackFideId "309052"]
[WhiteElo "2564"]
[BlackElo "2118"]
[Result "1-0"]
[Round "02"]
[TimeControl "180+1"]
[Date "2022.02.15"]
[WhiteClock "0:01:41"]
[BlackClock "0:00:32"]

1. g3 d5 2. Bg2 Nf6 3. d3 e5 4. Nf3 Nc6 5. O-O Be7 6. Nc3 d4 7. Ne4 Nxe4 8. dxe4 Be6 9. e3 Bc4 10. Re1 d3 11. Bf1 Nb4 12. Nxe5 Nxc2 13. Nxc4 Nxa1 14. Bxd3 Bb4 15. Rf1 O-O 16. Qe2 Qd7 17. e5 Rad8 18. Be4 b5 19. Na3 a6 20. b3 Qe7 21. Nc2 Nxc2 22. Qxc2 Qxe5 23. Bxh7+ Kh8 24. Be4 Qc3 25. Qe2 c5 26. Qh5+ 1-0


[Site "https://www.chess.com"]